 Dungeon Crawl Stone Soup version 0.31.0-4-g52a2dc7128 (webtiles) character file.

Game seed: 8999039839556539475

981 Implojin the Slicer (level 8, -2/39 HPs)
             Began as a Vine Stalker Necromancer on Jan 21, 2024.
             Was a Follower of Uskayaw.
             Slain by a lemure (6 damage)
             ... led by Pikel
             ... on level 4 of the Dungeon.
             The game lasted 00:08:02 (3288 turns).

Implojin the Slicer (Vine Stalker Necromancer)      Turns: 3288, Time: 00:08:03

Health: -2/39      AC:  8    Str: 11    XL:     8   Next: 17%
Magic:  0/12       EV:  9    Int: 15    God:    Uskayaw [*.....]
Gold:   273        SH:  0    Dex: 17    Spells: 10/11 levels left

rFire   + . .        r - +0 short sword
rCold   + + .        (no shield)
rNeg    . . .        d - +0 scale mail
rPois   .            c - +0 helmet
rElec   .            v - scarf {rC+ rF+}
rCorr   .            y - +0 pair of gloves
SInv    .            (no boots)
Will    +....        (no amulet)
Stlth   +            w - ring of protection from cold
HPRegen 1.06/turn    (no ring)
MPRegen 0.13/turn

%: guardian spirit
@: no status effects
A: fangs 3, regeneration 1, magic shield, antimagic bite, no potion heal 2
a: Renounce Religion, Stomp


You were on level 4 of the Dungeon.
You worshipped Uskayaw.
Uskayaw was noncommittal.
You visited 1 branch of the dungeon, and saw 5 of its levels.

You collected 273 gold pieces.

Inventory:

Hand Weapons
 r - a +0 short sword (weapon)
Missiles
 t - 5 poisoned darts (quivered)
Armour
 c - a +0 helmet (worn)
 d - a +0 scale mail (worn)
 i - a +0 chain mail
 v - a scarf of resistance (worn)
 y - a +0 pair of gloves (worn)
Jewellery
 w - a ring of protection from cold (left hand)
Wands
 e - a wand of polymorph (7)
 A - a wand of quicksilver (10)
Scrolls
 g - 2 scrolls of vulnerability {unknown}
 h - a scroll of blinking {unknown}
 j - a scroll of torment {unknown}
 k - a scroll of poison {unknown}
 m - 2 scrolls of noise {unknown}
 n - 2 scrolls of identify {unknown}
 p - 2 scrolls of teleportation
 u - a scroll of immolation {unknown}
Potions
 a - a potion of heal wounds {unknown}
 b - a potion of magic
 f - 2 potions of curing {unknown}
 l - a potion of enlightenment {unknown}
 o - a potion of haste {unknown}
 q - 2 potions of mutation {unknown}
 x - a potion of might {unknown}
 z - a potion of invisibility {unknown}


   Skills:
 * Level 2.1 Fighting
 - Level 8.0 Short Blades
 - Level 1.5 Dodging
 - Level 2.4 Stealth
 - Level 2.1 Spellcasting
 - Level 4.0 Necromancy


You had 10 spell levels left.
You knew the following spells:

 Your Spells              Type           Power      Damage    Failure   Level
a - Necrotise             Necr           52%        1d6       26%         1

Your spell library contained the following spells:

 Spells                   Type           Power      Damage    Failure   Level
 Vampiric Draining        Necr           13%        2d6       63%         3
 Animate Dead             Necr           13%        N/A       95%         4
 Martyr's Knell           Necr/Summ      7%         N/A       99%         4
 Animate Armour           Summ/Erth      2%         N/A       100%        4
 Summon Lightning Spire   Summ/Air       1%         N/A       100%        4
 Curse of Agony           Necr           13%        N/A       100%        5
 Lee's Rapid Deconstruct  Erth           0%         3d4*      100%        5


Dungeon Overview and Level Annotations

Branches:
Dungeon (5/15)
 Temple: D:4-7

Altars:
Uskayaw

Annotations:
D:5 Blork the orc, Pikel


Innate Abilities, Weirdness & Mutations

You have razor-sharp teeth.
Your natural rate of healing is unusually fast.
When hurt, damage is shared between your health and your magic reserves.
Your bite disrupts and absorbs the magic of your enemies.
Potions cannot restore your health.


Message History

What are your orders? t - Shout!
Orders for allies: a - Attack new target. p - Attack previous target. r - Retreat! s - Stop attacking. g - Guard the area. f - Follow me.
Anything else - Cancel.
Gang up on whom?
Press: ? - help, Dir - move target, f - Blork the orc, p - lemure
Aim: Blork the orc, wielding a +0 halberd and wearing a +0 robe Attack!
The lemure closely misses you.
Blork the orc hits you from afar with a +0 halberd.
The lemure hits you. Pikel barely misses your ogre.
Danger: Low HP Warning |T3| Reason: 28% HP (11/39)
The lemure hits you.
Your ogre hits Blork the orc with a +0 giant spiked club!!
Blork the orc hits you from afar with a +0 halberd.
The lemure hits you.
You climb upwards.
There is a stone staircase leading down here.
Danger: Low HP Warning |T3| Reason: 20% HP (8/39)
Okay, then.
Okay, then.
Aiming: Charm
Press: ? - help, Shift-Dir - straight line, f - lemure
Aim: a lemure (chance to affect: 49%)
The lemure resists with some effort.
The lemure completely misses you. The lemure hits you.
Danger: Low HP Warning |T3| Reason: 12% HP (5/39)
Aiming: Charm
Press: ? - help, Shift-Dir - straight line, f/p - lemure
Aim: a lemure (chance to affect: 49%)
The lemure resists with some effort.
The now-empty wand crumbles to dust.
The lemure closely misses you. The lemure hits you but does no damage.
Aiming: Quicksilver Bolt
Press: ? - help, Shift-Dir - straight line, f/p - lemure
Aim: a lemure (64% to hit)
The bolt of dispelling energy hits the lemure!
The lemure is heavily wounded.
The lemure hits you. The lemure hits you!
You die...

#...####.###.###.# #.###.#
#.............##.#####.# #.#
#####.#.########..##.......###.##
........# #.......##..####.......
######### #.####..##....##.#.####
#.# #......#.##.#.# #.#
##....##.##.#.# #.#
##รท....#.##.#.# #.#
##@5......##)#.#
#.###5........#....#
#.#............#.#.##
#########.#.###.....#.##.#..##
#.........#.# ##...#.###.#.#.#
#.#######.#.# ##.##.# #.....# #.#
#.#.#####.##.#####)#.# ##.##
#....................# ##...##
#.#..........#.###.#.#


You could see 2 lemures.

Vanquished Creatures
  Grinder (D:3)
  Sigmund (D:2)
  An ogre (D:4)
  A kobold brigand (D:4)
  3 scorpions
  A bombardier beetle (D:4)
  A hound (D:5)
  A jelly (D:3)
  Jessica (D:2)
  An iguana (D:4)
  3 gnolls (D:4)
  6 adders
  2 dart slugs
  A ribbon worm (D:3)
  6 orcs
  9 ball pythons
  6 endoplasms
  A giant cockroach (D:2)
  10 goblins
  5 hobgoblins
  3 jackals (D:3)
  3 kobolds
  4 quokkas
  3 bats
  7 frilled lizards
  5 rats
86 creatures vanquished.

Notes
Turn   | Place    | Note
-------+----------+-------------------------------------------
     0 | D:1      | Implojin the Vine Stalker Necromancer began the quest for
                  | the Orb.
     0 | D:1      | Reached XP level 1. HP: 9/9 MP: 4/4
    82 | D:1      | Reached skill level 1 in Fighting
   148 | D:1      | Reached XP level 2. HP: 12/14 MP: 4/6
   193 | D:1      | Reached skill level 1 in Short Blades
   486 | D:2      | Reached skill level 2 in Short Blades
   486 | D:2      | Reached XP level 3. HP: 18/18 MP: 7/7
   657 | D:2      | Noticed Sigmund
   867 | D:3      | Reached XP level 4. HP: 22/22 MP: 4/8
  1011 | D:3      | Reached skill level 3 in Short Blades
  1235 | D:3      | Noticed Grinder
  1240 | D:3      | Killed Grinder
  1241 | D:3      | Reached skill level 4 in Short Blades
  1241 | D:3      | Reached skill level 5 in Short Blades
  1241 | D:3      | Reached XP level 5. HP: 25/25 MP: 9/9
  1241 | D:3      | Reached XP level 6. HP: 30/30 MP: 10/10
  1852 | D:4      | Noticed a +0 hand axe
  1852 | D:4      | Noticed a +0 dagger
  1852 | D:4      | Found a hide-covered altar of Uskayaw.
  1934 | D:4      | Reached skill level 6 in Short Blades
  1966 | D:4      | Reached XP level 7. HP: 27/33 MP: 7/11
  2200 | D:4      | Identified the +1 ring mail "Taoxib" {-Cast rC++ Str+3}
  2520 | D:4      | Reached skill level 7 in Short Blades
  2723 | D:4      | Became a worshipper of Uskayaw the Reveller
  2738 | D:5      | Entered Level 5 of the Dungeon
  2762 | D:5      | Reached * piety under Uskayaw
  2819 | D:5      | Reached ** piety under Uskayaw
  2879 | D:5      | Noticed Blork the orc
  2888 | D:5      | Noticed Pikel
  3097 | D:2      | Noticed Jessica
  3101 | D:2      | Found a faded altar of an unknown god.
  3119 | D:2      | Killed Jessica
  3119 | D:2      | Reached *** piety under Uskayaw
  3126 | D:2      | Killed Sigmund
  3127 | D:2      | Reached skill level 8 in Short Blades
  3127 | D:2      | Gained mutation: You have razor-sharp teeth. [Vine Stalker
                  | growth]
  3127 | D:2      | Reached XP level 8. HP: 39/39 MP: 12/12
  3288 | D:4      | Slain by a lemure

Illustrated notes

Levels and vault maps discovered:
D:1:      shiori_arrival_elements, layout_rooms
D:2:      layout_basic, chequers_ecumenical_altar_simple, chequers_jeans,
          small_statue_intersection, uniq_sigmund, uniq_jessica
D:3:      layout_basic, lightli_corner_chamber, uniq_grinder
D:4:      layout_loops_ring, dancing_weapons_uskayaw
D:5:      layout_rooms, gammafunk_ghost_nasty_kobolds, interstate_on_off,
          nicolae_shop_vocational, uniq_edmund, uniq_blork_the_orc, uniq_pikel

Skill      XL: |  1  2  3  4  5  6  7 |
---------------+----------------------+-----
Fighting       | 1 2 |  2.1
Short Blades   | 2 5 6 8 |  8.0
Dodging        | |  1.5
Stealth        | |  2.4
Spellcasting   | |  2.1
Necromancy     | |  4.0

Action                     |  1- 3 |  4- 6 |  7- 9 || total
---------------------------+-------+-------+-------++-------
  Melee: Unarmed           |    15 |       |       ||    15
         Dagger            |    95 |       |       ||    95
         Bite              |    23 |    31 |    46 ||   100
         Short sword       |    11 |   117 |   136 ||   264
         Punch             |       |       |     1 ||     1
  Throw: Dart              |       |       |    26 ||    26
  Evoke: Wand              |     3 |     7 |     8 ||    18
    Use: Scroll            |       |       |     1 ||     1
   Stab: Sleeping          |     2 |     3 |       ||     5
 Armour: Robe              |    24 |       |       ||    24
         Leather armour    |    39 |     8 |       ||    47
         Skin              |       |     2 |       ||     2
         Scale mail        |       |    49 |   103 ||   152
  Dodge: Dodged            |    62 |    34 |    62 ||   158
